 Dungeon Crawl Stone Soup version 0.25.1-2-g60ff931df9 (webtiles) character file.

Game seed: 18383785720020713982

18994 nikku the Fighter (level 12, -2/100 HPs)
             Began as a Demonspawn Berserker on Nov 16, 2020.
             Was a High Priest of Trog.
             Slain by a 16-headed hydra (5 damage)
             ... on level 2 of the Lair of Beasts.
             The game lasted 00:38:16 (14360 turns).

nikku the Fighter (Demonspawn Berserker)           Turns: 14360, Time: 00:38:16

Health: -2/100     AC: 27    Str: 28    XL:     12   Next: 32%
Magic:  12/12      EV: 13    Int:  8    God:    Trog [*****.]
Gold:   771        SH: 10    Dex: 14    Spells: 11/11 levels left

rFire    . . .     SeeInvis .   x - +4 war axe (venom)
rCold    + . .     Gourm    .   F - +0 buckler
rNeg     . . .     Faith    .   k - +4 chain mail {rC+}
rPois    .         Spirit   .   e - +1 hat
rElec    .         Reflect  +   J - scarf {repulsion}
rCorr    .         Harm     .   h - +1 pair of gloves
MR       +....                  E - +1 pair of boots
Stlth    ..........             u - amulet of reflection
HPRegen  0.26/turn              q - ring of protection from magic
MPRegen  0.13/turn              B - +6 ring of strength

@: sanguine armour, berserk cooldown, hasted and slowed, studying Dodging, repel
missiles
A: talons 2, nightstalker 2, powered by death 2, sanguine armour 1
a: Berserk, Trog's Hand, Brothers in Arms, Renounce Religion


You were on level 2 of the Lair of Beasts.
You worshipped Trog.
Trog was extremely pleased with you.
You were near starving.

You visited 2 branches of the dungeon, and saw 13 of its levels.
You also visited: Sewer.

You collected 771 gold pieces.

Inventory:

Hand Weapons
 x - a +4 war axe of venom (weapon)
Missiles
 i - 5 curare-tipped darts
 p - 27 poisoned darts (quivered)
 H - 4 javelins
Armour
 e - a +1 hat (worn)
 h - a +1 pair of gloves (worn)
 k - a +4 chain mail of cold resistance (worn)
 E - a +1 pair of boots (worn)
 F - a +0 buckler (worn)
 J - a scarf of repulsion (worn)
 N - the +0 ring mail of Indomitability {rElec Dex+4}
   (You found it on level 2 of the Lair of Beasts)

   It affects your dexterity (+4).
   It insulates you from electricity.
Jewellery
 b - an uncursed ring of resist corrosion
 q - a ring of protection from magic (left hand)
 u - an amulet of reflection (around neck)
 w - an uncursed amulet of guardian spirit {unknown}
 B - a +6 ring of strength (right hand)
 G - an uncursed amulet of the acrobat
 K - an uncursed ring of ice
 L - a +6 ring of dexterity {unknown}
Wands
 a - a wand of iceblast (9)
 f - a wand of polymorph (15)
 l - a wand of flame (12)
 n - a wand of random effects (40)
 r - a wand of disintegration (7)
 C - a wand of clouds (8)
 D - a wand of acid (22)
Scrolls
 d - 5 scrolls of teleportation
 g - 2 scrolls of magic mapping
 m - 5 scrolls of remove curse
 o - a scroll of fear
 I - 2 scrolls of blinking
 O - a scroll of identify
Potions
 j - a potion of ambrosia
 s - a potion of lignification
 t - a potion of haste
 v - 4 potions of curing
 z - 3 potions of might
 A - a potion of heal wounds
 P - a potion of resistance {unknown}
Books
 y - a manual of Dodging
Comestibles
 c - 25 rations
 M - a chunk of flesh


   Skills:
 + Level 11.4 Fighting
 + Level 10.6 Axes
 + Level 10.4 Armour
 + Level 7.8 Dodging
 * Level 3.6 Shields


You had 11 spell levels left.
You didn't know any spells.
Your spell library was empty.

Dungeon Overview and Level Annotations

Branches:
Dungeon (11/15)            Temple (0/1) D:4            Lair (2/6) D:11
 Shoals (0/4) Lair:2        Snake (0/4) Lair:2          Orc (0/2) D:10
  Sewer (visited)

Altars:
Ashenzari
Okawaru
Wu Jian
Xom
Yredelemnul

Shops:
D:5 *   D:9 [   D:10 :

Annotations:
Lair:2 exclusion: 4 oklob plants


Innate Abilities, Weirdness & Mutations

You have razor-sharp toenails.
You are significantly more attuned to the shadows.
You regenerate health from kills.
When seriously injured, your bleeding wounds create armour. (AC +6)


Message History

* * * LOW HITPOINT WARNING * * *
You block the 16-headed hydra's attack.
The 16-headed hydra completely misses you.
The 16-headed hydra barely misses you.
The 16-headed hydra bites you but does no damage.
The 16-headed hydra barely misses you. The 16-headed hydra bites you.
* * * LOW HITPOINT WARNING * * *
The 16-headed hydra barely misses you.
The 16-headed hydra bites you but does no damage.
You block the 16-headed hydra's attack.
The 16-headed hydra bites you but does no damage. x3
The 16-headed hydra bites you.
* * * LOW HITPOINT WARNING * * *
You block the 16-headed hydra's attack.
You feel yourself speed up. The 16-headed hydra misses you.
The 16-headed hydra bites you but does no damage. x2
The 16-headed hydra bites you!
* * * LOW HITPOINT WARNING * * *
The 16-headed hydra bites you.
You die...

..............................
.......[....[.................
..............................
###...........................
#....#..###..##.....###...#..
......###.##.###....## #..#...
.##...P#......##....##....##..
#....#......H#....P#.....#..
#...#......@#...............
#...........D...........#...
#...##.......#....#.....PP..
#...P###....##..............
##...##P###.+.#....#.PPPP##..
....................#H.$.%#...
######...P.#..##.##P#.F$$.####
#.#####.########=[?P. ### ###


P.PP% You could see a 16-headed hydra (very poisoned) and a hippogriff.

Vanquished Creatures
  Erolcha (D:11)
  Fannar (Lair:2)
  Harold (D:7)
  Erica (Lair:2)
  An unseen horror (D:11)
  A centaur zombie (D:11)
  Joseph (D:7)
  Psyche (D:11)
  Maggie (D:7)
  4 spiny frogs
  A kobold demonologist (D:11)
  A hornet (D:8)
  2 merfolk (Lair:2)
  A queen bee (D:8)
  Grinder (D:5)
  A hippogriff (D:9)
  Sigmund (D:6)
  A shadow (D:11)
  19 yaks
  Eustachio (D:4)
  Menkaure (D:4)
  2 steam dragons (D:9)
  Edmund (D:4)
  3 nagas (Lair:2)
  3 water moccasins
  5 porcupines
  4 ogres
  5 sky beasts
  5 ice beasts
  A necrophage (D:9)
  2 black bears
  2 phantoms
  6 wolves (Lair:1)
  6 crocodiles
  4 centaurs
  4 big kobolds
  14 bullfrogs
  A scorpion (D:7)
  13 killer bees (D:8)
  9 howler monkeys
  2 electric eels (Lair:2)
  A bullfrog zombie (D:9)
  5 crimson imps
  A quasit (D:11)
  5 orc priests
  4 bullfrog skeletons
  2 centaur skeletons
  7 hounds
  6 jellies
  Crazy Yiuf (D:7)
  3 iguanas
  Jessica (D:3)
  Terence (D:3)
  6 orc wizards
  11 worker ants
  2 hound skeletons
  A worker ant zombie (D:10)
  18 adders
  8 gnolls
  A river rat (Sewer)
  A shadow imp (D:5)
  3 worms
  A dart slug (D:4)
  5 leopard geckos
  28 orcs
  A ball python (D:1)
  5 bats
  10 giant cockroaches
  15 goblins
  5 hobgoblins
  A jackal (Sewer)
  4 quokkas
  4 frilled lizards
  22 kobolds
  A leopard gecko skeleton (D:4)
  A leopard gecko zombie (D:8)
  12 rats
  6 fungi
  7 plants
351 creatures vanquished.

Vanquished Creatures (others)
  10 fungi (D:11)
  A plant (D:11)
11 creatures vanquished.

Grand Total: 362 creatures vanquished

Notes
Turn   | Place    | Note
-------+----------+-------------------------------------------
     0 | D:1      | nikku the Demonspawn Berserker began the quest for the Orb.
     0 | D:1      | Reached XP level 1. HP: 18/18 MP: 1/1
    29 | D:1      | You fall into a shaft and drop 1 floor!
   237 | D:1      | Gained mutation: You are slightly more attuned to the
                  | shadows. [demonic ancestry]
   237 | D:1      | Reached XP level 2. HP: 24/24 MP: 2/2
  1456 | D:1      | Gained mutation: You are significantly more attuned to the
                  | shadows. [demonic ancestry]
  1456 | D:1      | Reached XP level 3. HP: 29/29 MP: 3/3
  1918 | D:2      | Found an iron altar of Okawaru.
  2536 | D:3      | Noticed a centaur
  2552 | D:3      | Killed a centaur
  2552 | D:3      | Reached skill level 4 in Fighting
  2552 | D:3      | Gained mutation: You have sharp toenails. [demonic
                  | ancestry]
  2552 | D:3      | Reached XP level 4. HP: 16/37 MP: 4/4
  2563 | D:3      | Noticed Terence
  2578 | D:3      | Killed Terence
  2578 | D:3      | Reached XP level 5. HP: 26/42 MP: 5/5
  2857 | D:3      | Noticed Jessica
  2883 | D:3      | Reached ** piety under Trog
  2903 | D:3      | Killed Jessica
  3425 | D:4      | Noticed Eustachio
  3452 | D:4      | Killed Eustachio
  3452 | D:4      | Reached XP level 6. HP: 27/50 MP: 6/6
  3536 | D:4      | Noticed Edmund
  3540 | D:4      | Noticed Menkaure
  3546 | D:4      | Killed Edmund
  3546 | D:4      | Reached skill level 5 in Fighting
  3551 | D:4      | Killed Menkaure
  3551 | D:4      | Reached XP level 7. HP: 26/56 MP: 7/7
  3904 | D:4      | Found a staircase to the Ecumenical Temple.
  3995 | D:4      | Reached skill level 5 in Axes
  4208 | D:5      | Entered Level 5 of the Dungeon
  4208 | D:5      | Found Reme's Assorted Antiques.
  4441 | D:5      | Reached skill level 5 in Armour
  4454 | D:5      | Reached skill level 6 in Fighting
  4714 | D:5      | Noticed Grinder
  4732 | D:5      | Paralysed by Grinder for 2 turns
  4739 | D:5      | Killed Grinder
  4739 | D:5      | Gained mutation: You regenerate a little health from kills.
                  | [demonic ancestry]
  4739 | D:5      | Reached XP level 8. HP: 49/65 MP: 8/8
  5253 | D:6      | Found a glowing drain.
  5285 | Sewer    | Entered a sewer
  5532 | Sewer    | Found a glowing silver altar of Zin.
  5825 | D:6      | Found a shimmering altar of Xom.
  5850 | D:6      | Noticed Sigmund
  5857 | D:6      | Killed Sigmund
  5857 | D:6      | Reached skill level 7 in Fighting
  5894 | D:6      | Reached *** piety under Trog
  6044 | D:6      | Found a shattered altar of Ashenzari.
  6250 | D:6      | Gained mutation: When seriously injured, your bleeding
                  | wounds create armour. (AC +6) [demonic ancestry]
  6250 | D:6      | Reached XP level 9. HP: 65/72 MP: 9/9
  6329 | D:7      | Noticed Maggie
  6364 | D:7      | Killed Maggie
  6564 | D:7      | Noticed Joseph
  6596 | D:7      | Killed Joseph
  6596 | D:7      | Reached skill level 8 in Fighting
  7259 | D:7      | Noticed Harold
  7275 | D:7      | Killed Harold
  7657 | D:7      | Gained mutation: You have razor-sharp toenails. [demonic
                  | ancestry]
  7657 | D:7      | Reached XP level 10. HP: 47/82 MP: 10/10
  7963 | D:7      | Found a runed translucent door.
  7965 | D:7      | Noticed Crazy Yiuf
  7972 | D:7      | Killed Crazy Yiuf
  8039 | D:8      | Reached skill level 9 in Fighting
  8644 | D:8      | Reached **** piety under Trog
  8769 | D:8      | Found a basalt altar of Yredelemnul.
  8834 | D:8      | Paralysed by a hornet for 1 turns
  9546 | D:9      | Found an ornate altar of the Wu Jian Council.
  9908 | D:9      | Reached skill level 10 in Fighting
 10120 | D:9      | Found Cafuid's Antique Armour Shop.
 10309 | D:9      | Identified a scroll of acquirement
 10309 | D:9      | Acquired a manual of Dodging
 10335 | D:10     | Entered Level 10 of the Dungeon
 10485 | D:10     | Reached XP level 11. HP: 91/91 MP: 11/11
 10641 | D:10     | Found a staircase to the Orcish Mines.
 10724 | D:10     | Found Rerchaz's Book Shoppe.
 11311 | D:11     | Reached ***** piety under Trog
 11397 | D:11     | Found a staircase to the Lair.
 11412 | D:11     | Killed an unseen horror
 11639 | D:11     | Reached skill level 5 in Dodging
 11786 | D:11     | Noticed Psyche
 11794 | D:11     | Killed Psyche
 11939 | D:11     | Reached skill level 10 in Axes
 12078 | D:11     | Noticed Erolcha
 12090 | D:11     | Killed Erolcha
 12090 | D:11     | Reached skill level 11 in Fighting
 12090 | D:11     | Reached skill level 10 in Armour
 12385 | Lair:1   | Entered Level 1 of the Lair of Beasts
 12855 | Lair:1   | Received a gift from Trog
 12896 | Lair:1   | Reached skill level 1 in Shields
 13185 | Lair:1   | Gained mutation: You regenerate health from kills. [demonic
                  | ancestry]
 13185 | Lair:1   | Reached XP level 12. HP: 93/100 MP: 12/12
 13421 | Lair:2   | Found a staircase to the Shoals.
 13466 | Lair:2   | Noticed Fannar
 13484 | Lair:2   | Killed Fannar
 13497 | Lair:2   | Found a staircase to the Snake Pit.
 13621 | Lair:2   | Got a faintly humming ring mail
 13623 | Lair:2   | Identified the +0 ring mail of Indomitability {rElec Dex+4}
                  | (You found it on level 2 of the Lair of Beasts)
 13687 | Lair:2   | Noticed Erica
 13703 | Lair:2   | Killed Erica
 14336 | Lair:2   | Noticed a seven-headed hydra
 14360 | Lair:2   | HP: 3/100 [16-headed hydra (9)]
 14360 | Lair:2   | Slain by a 16-headed hydra

Illustrated notes

Levels and vault maps discovered:
D:1:      ncdulo_halloftheorcs, layout_basic
D:2:      layout_basic, first_ration, okawaru_metal_pillars_1_2
D:3:      kennysheep_the_goblin_king, layout_loops_ring, uniq_jessica,
          uniq_terence
D:4:      layout_cave_pools, minmay_temple_entry_poolview, glass_columns_a,
          uniq_eustachio, uniq_menkaure, uniq_edmund
D:5:      layout_cave_pods, serial_shops, shop, uniq_grinder
D:6:      layout_cave_pools, lemuel_round_altar, xom_teletrap_fun,
          gup_sewer_entry_glass, uniq_sigmund
D:7:      layout_loops_corners, uniq_joseph, uniq_harold, uniq_maggie,
          uniq_crazy_yiuf_cottage
D:8:      layout_loops_corners, kennysheep_mini, david_nohive_1
D:9:      cheibrodos_steamvent, layout_irregular_city, kennysheep_little_box,
          serial_shops, nicolae_shop_statue_plus
D:10:     layout_roguey, orc_0_dummy, serial_shops, shop, chequers_avenue
D:11:     layout_cave_pods, due_lair_maze_entry_diamond,
          chequers_serial_rivers_large_a, uniq_erolcha, uniq_psyche
Lair:1:   layout_roguey
Lair:2:   layout_regular_city, elwin_shoals_entry_rooms,
          guppyfry_snake_entry_garden, beast_lair_carwin_10,
          minmay_lair_oklob_chamber, uniq_fannar, uniq_erica

Skill      XL: |  1  2  3  4  5  6  7  8  9 10 11 12 |
---------------+-------------------------------------+-----
Armour         | 2 3 4 5 6 7 9 10 | 10.4
Axes           | 3 4 5 6 8 9 10 | 10.6
Fighting       | 4 5 6 7 8 10 11 | 11.4
Dodging        | 2 7 |  7.8
Shields        | 1 3 |  3.6

Action                   |  1- 3 |  4- 6 |  7- 9 | 10-12 || total
-------------------------+-------+-------+-------+-------++-------
Melee: Hand axe          |   119 |    58 |       |       ||   177
       Unarmed           |       |    11 |       |       ||    11
       War axe           |       |    99 |   386 |   594 ||  1079
Invok: Berserk           |     1 |     1 |     4 |     4 ||    10
       Trog's Hand       |       |     3 |     7 |    13 ||    23
  Use: Scroll            |     8 |     2 |     3 |    17 ||    30
       Potion            |       |     4 |       |     1 ||     5
 Stab: Sleeping          |     4 |       |     4 |       ||     8
  Eat: Chunk             |     4 |     3 |    16 |    28 ||    51
       Ration            |       |     1 |     2 |       ||     3
Armor: Animal skin       |    51 |       |       |       ||    51
       Chain mail        |       |    50 |   156 |   420 ||   626
       Scale mail        |       |    34 |    56 |       ||    90
Dodge: Dodged            |   104 |    87 |   177 |   284 ||   652
       Repelled          |       |       |       |     4 ||     4
Block: Other             |       |       |    65 |   107 ||   172
       Reflection        |       |       |     1 |     3 ||     4
       Buckler           |       |       |       |    80 ||    80
